 Dungeon Crawl Stone Soup version 0.28-a0-664-gc179e30c89 (webtiles) character file.

Game seed: 5915049118990421416

1402 cheechan the Covert (level 8, -4/55 HPs)
             Began as an Octopode Berserker on Oct 15, 2021.
             Was a Priest of Trog.
             Slain by an iguana (8 damage)
             ... on level 6 of the Dungeon.
             The game lasted 00:17:40 (6381 turns).

cheechan the Covert (Octopode Berserker)            Turns: 6381, Time: 00:17:40

Health: -4/55      AC:  1    Str: 21    XL:     8   Next: 69%
Magic:  8/8        EV: 14    Int:  9    God:    Trog [***...]
Gold:   233        SH:  0    Dex: 13    Spells: 7/7 levels left

rFire   x . .      SeeInvis .   e - +2 dagger (protect)
rCold   + + .      Faith    .   (no shield)
rNeg    . . .      Spirit   .   (helmet restricted)
rPois   .          Reflect  .   (no amulet)
rElec   .          Harm     .   d - ring "Jiazeol" {rC+ Str+4 Slay+2}
rCorr   .          Rampage  .   v - ring of ice
Will    ++...                   y - ring of the Distant Future {Fly Slay+5}
Stlth   +++++.....              (no ring)
HPRegen 1.18/turn               (no ring)
MPRegen 0.11/turn               (no ring)
                                (no ring)
                                (no ring)

@: strong-willed, on berserk cooldown, flying, regenerating, slowed, very slow
A: almost no armour, amphibious, 8 rings, camouflage 1, gelatinous body 1,
(nimble swimmer 1), tentacles
a: Renounce Religion, Berserk, Trog's Hand


You were on level 6 of the Dungeon.
You worshipped Trog.
Trog was most pleased with you.
You visited 2 branches of the dungeon, and saw 7 of its levels.

You collected 233 gold pieces.

Inventory:

Hand Weapons
 a - a +0 mace
 e - a +2 dagger of protection (weapon)
 f - a +0 whip
 l - a +0 hunting sling
 o - a +1 dagger of speed
 p - a +0 shortbow
 r - a +0 flail
 u - a +0 hand axe of electrocution
 x - a +0 scythe
Missiles
 b - 100 stones
 g - 2 curare-tipped darts
 k - 84 sling bullets
 n - 55 arrows
 s - 8 poisoned darts (quivered)
 z - 52 bolts
Jewellery
 d - the ring "Jiazeol" (left tentacle) {rC+ Str+4 Slay+2}
   (You acquired it on level 1 of the Dungeon)

   [ring of protection from cold]

   Str:       It affects your strength (+4).
   Slay:      It affects your accuracy & damage with ranged weapons and melee
   (+2).
   rC:        It protects you from cold.
 v - a ring of ice (right tentacle)
 y - the ring of the Distant Future (on tentacle) {Fly Slay+5}
   (You found it on level 5 of the Dungeon)

   [ring of flight]

   Slay:      It affects your accuracy & damage with ranged weapons and melee
   (+5).
   Fly:       It grants you flight.
Scrolls
 h - 2 scrolls of teleportation
Potions
 c - a potion of ambrosia
 i - a potion of attraction {unknown}
 j - a potion of curing {unknown}
 m - a potion of invisibility {unknown}
 q - a potion of mutation {unknown}
 t - 2 potions of might {unknown}
 w - a potion of degeneration {unknown}


   Skills:
 + Level 5.2 Fighting
 + Level 3.5 Short Blades
 + Level 5.5 Maces & Flails
 + Level 5.0 Dodging
 + Level 8.5 Stealth


You had 7 spell levels left.
You didn't know any spells.
Your spell library was empty.

Dungeon Overview and Level Annotations

Branches:
Dungeon (6/15)             Temple (1/1) D:5

Altars:
Ashenzari
Cheibriados
Dithmenos
Elyvilon
Fedhas
Gozag
Hepliaklqana
Makhleb
Nemelex Xobeh
Okawaru
Qazlal
Trog
Uskayaw
Vehumet
Wu Jian
Xom
Yredelemnul
Zin

Annotations:
D:6 3 runed translucent doors, AlleluiaPinecone's ghost, novice VSBr; bronco's ghost, novice KoFi


Innate Abilities, Weirdness & Mutations

You cannot wear most types of armour.
You are amphibious.
You can wear up to eight rings at the same time.
Your skin changes colour to match your surroundings (Stealth+).
Your rubbery body absorbs attacks. (AC +1, EV +1)
((You are camouflaged near water. (Stealth+)))
You have tentacles for arms and can constrict up to eight enemies at once.


Message History

You hit the phantom.
Your weapon exudes an aura of protection.
You squeeze the phantom, but do no damage.
The phantom is lightly damaged.
The phantom misses you.
You hit the phantom.
The phantom is moderately damaged.
The phantom hits you but does no damage.
The iguana bites you. The phantom completely misses you.
The iguana hisses menacingly.
The iguana bites you.
You closely miss the phantom.
The phantom is moderately damaged.
The phantom misses you. The iguana bites you.
You barely miss the phantom. You squeeze the phantom!
The phantom is heavily damaged.
The phantom hits you.
The phantom blinks!
You blink.
You barely miss the phantom.
The phantom is heavily damaged.
The phantom barely misses you.
You closely miss the phantom.
The phantom is heavily damaged.
Bronco's ghost turns its malevolent gaze towards you.
The phantom hits you. The iguana bites you. The phantom closely misses you.
The iguana barely misses you.
You barely miss the iguana. You grab the iguana. You constrict the iguana.
The phantom hits you.
* * * LOW HITPOINT WARNING * * *
The phantom blinks!
You blink.
You lose your grip on the iguana.
You barely miss the phantom.
The phantom is heavily damaged.
The phantom barely misses you. The iguana bites you!
* * * LOW HITPOINT WARNING * * *
Okay, then.
Your skin crawls.
You feel strong-willed. The phantom hits you.
* * * LOW HITPOINT WARNING * * *
The iguana bites you!
You die...

........... ..#
.........# ...#
.........###...#
#............#
#....)..!.....
####..)).<.......
#....))).........
........W.........
........@...##....
......###l.>......
#####.......###...
.......§.# .
:...........#
###+++####.....#
.....WW♣ .....#
...W.W.⌠ .....
....... .....


You could see a phantom, an iguana and AlleluiaPinecone's ghost.

Vanquished Creatures
  Grinder (D:4)
  Sigmund (D:4)
  An ogre (D:4)
  A centaur (D:3)
  A phantom (D:5)
  A scorpion (D:5)
  A water moccasin skeleton (D:5)
  A centaur zombie (D:5)
  An orc priest (D:4)
  2 jellies (D:5)
  A gnoll shaman (D:6)
  3 hounds
  An iguana (D:5)
  3 bullfrog skeletons
  A centaur skeleton (D:4)
  3 orc wizards
  A scorpion zombie (D:5)
  A hound skeleton (D:4)
  8 adders
  5 gnolls (D:6)
  A shadow imp (D:6)
  An ufetubus (D:5)
  A dart slug (D:2)
  22 orcs
  5 endoplasms
  4 giant cockroaches
  2 goblins
  7 hobgoblins
  3 jackals (D:1)
  2 quokkas
  9 ball pythons
  8 bats
  A frilled lizard (D:2)
  6 kobolds
  6 rats
116 creatures vanquished.

Notes
Turn   | Place    | Note
-------+----------+-------------------------------------------
     0 | D:1      | cheechan the Octopode Berserker began the quest for the
                  | Orb.
     0 | D:1      | Reached XP level 1. HP: 16/16 MP: 1/1
   217 | D:1      | Found a faded altar of an unknown god.
   362 | D:1      | Reached XP level 2. HP: 17/21 MP: 2/2
   700 | D:1      | Identified a scroll of acquirement
   700 | D:1      | Acquired the ring "Jiazeol" {rC+ Str+4 Slay+2}
  1172 | D:2      | Reached XP level 3. HP: 26/26 MP: 3/3
  1375 | D:2      | Reached ** piety under Trog
  1478 | D:2      | Reached skill level 1 in Stealth
  1640 | D:2      | Reached XP level 4. HP: 31/31 MP: 4/4
  1796 | D:3      | Reached skill level 2 in Stealth
  1947 | D:3      | Noticed a centaur
  1961 | D:3      | Killed a centaur
  1962 | D:3      | Reached skill level 3 in Stealth
  1962 | D:3      | Reached XP level 5. HP: 34/37 MP: 5/5
  2148 | D:3      | Reached skill level 4 in Stealth
  3375 | D:4      | Reached XP level 6. HP: 6/43 MP: 6/6
  3916 | D:4      | Noticed Grinder
  3930 | D:4      | Killed Grinder
  3931 | D:4      | Reached skill level 1 in Short Blades
  3931 | D:4      | Reached skill level 5 in Maces & Flails
  3931 | D:4      | Reached skill level 5 in Stealth
  3931 | D:4      | Reached XP level 7. HP: 49/49 MP: 7/7
  4150 | D:4      | Noticed Sigmund
  4158 | D:4      | Killed Sigmund
  4159 | D:4      | Reached skill level 6 in Stealth
  4603 | D:4      | Reached XP level 8. HP: 22/54 MP: 8/8
  5156 | D:5      | Entered Level 5 of the Dungeon
  5202 | D:5      | Reached skill level 7 in Stealth
  5423 | D:5      | Reached *** piety under Trog
  5494 | D:5      | Reached skill level 5 in Fighting
  5795 | D:5      | Identified the ring of the Distant Future {Fly Slay+5}
  5929 | D:5      | Found a staircase to the Ecumenical Temple.
  5935 | Temple   | Entered the Ecumenical Temple
  6113 | D:5      | Reached skill level 8 in Stealth
  6369 | D:6      | Reached skill level 5 in Dodging
  6372 | D:6      | Found a runed translucent gate.
  6376 | D:6      | Found a runed translucent gate.
  6376 | D:6      | Found a runed translucent gate.
  6376 | D:6      | Noticed AlleluiaPinecone's ghost (novice VSBr)
  6376 | D:6      | Noticed bronco's ghost (novice KoFi)
  6381 | D:6      | Slain by an iguana

Illustrated notes

Levels and vault maps discovered:
D:1:      minmay_arrival_diagonal_passages, layout_loops_ring,
          ebering_ecumenical_altar_webs
D:2:      layout_loops_ring, corexii_hall_statues_i, minmay_3d_cube
D:3:      layout_loops_corners
D:4:      layout_basic, nrook_mini_vaults, uniq_grinder, uniq_sigmund
D:5:      layout_loops_cross, minmay_temple_entry_enclosed_plants,
          kennysheep_cross_room
D:6:      layout_basic, led_sif_pool, amethyst_overflow_temple_binary,
          gammafunk_ghost_cemetery, serial_shops, shop, serial_park_tiny_1
Temple:   compressed_dpeg_circular_temple

Skill      XL: |  1  2  3  4  5  6  7  8 |
---------------+-------------------------+-----
Stealth        | 1 3 4 5 6 8 |  8.5
Maces & Flails | 4 5 |  5.5
Fighting       | 4 5 |  5.2
Short Blades   | 1 2 3 |  3.5
Dodging        | 4 5 |  5.0

Action                   |  1- 3 |  4- 6 |  7- 9 || total
-------------------------+-------+-------+-------++-------
Melee: Mace              |    50 |    37 |       ||    87
       Constrict         |    11 |    20 |    17 ||    48
       Tentacles         |     9 |    13 |    23 ||    45
       Dagger            |       |    37 |    87 ||   124
Invok: Berserk           |       |     4 |     3 ||     7
       Trog's Hand       |       |     1 |     1 ||     2
  Use: Scroll            |     4 |     2 |     2 ||     8
 Stab: Sleeping          |     9 |    10 |     9 ||    28
Armor: Skin              |     4 |    11 |    20 ||    35
Dodge: Dodged            |    33 |    60 |    75 ||   168

Table legend: (Time is in decaauts)
 A = Elapsed time spent in this place.
 B = Non-inter-level travel time spent in this place.
 C = Inter-level travel time spent in this place.
 D = Time resting spent in this place.
 E = Time spent auto-exploring this place.
 F = Levels seen in this place.
 G = Mean time per level.
                   A        B        C        D        E       F      G
               +--------+--------+--------+--------+--------+-----+--------+
         Total |   6452 |   6452 |      0 |   2037 |      0 |   7 |  921.7 |
       Dungeon |   6356 |   6356 |      0 |   2037 |      0 |   6 | 1059.3 |
        Temple |     95 |     95 |      0 |      0 |      0 |   1 |   95.0 |
               +--------+--------+--------+--------+--------+-----+--------+

Top non-repeatable levels by time:
     D:4: 1869 daAuts
     D:3: 1564 daAuts
     D:5: 1086 daAuts
     D:1: 971 daAuts
     D:2: 828 daAuts
  Temple: 95 daAuts
     D:6: 36 daAuts
